 Dungeon Crawl Stone Soup version 0.19.1-1-g22dce08 (webtiles) character file.

71 Peloso the Slasher (level 4, -6/37 HPs)
             Began as a Ghoul Gladiator on Dec 30, 2016.
             Killed by divine providence
             ... invoked by an orc priest
              (11 damage)
             ... on level 3 of the Dungeon.
             The game lasted 00:04:23 (1188 turns).

Peloso the Slasher (Ghoul Gladiator)                Turns: 1188, Time: 00:04:24

Health: -6/37      AC:  5    Str: 18    XL:     4   Next: 24%
Magic:  3/3        EV: 12    Int:  3    God:
Gold:   116        SH:  3    Dex: 10    Spells: 0 memorised, 3 levels left

rFire  . . .     SeeInvis .     a - +0 long sword
rCold  + . .     Gourm    .     b - +0 leather armour
rNeg   + + +     Faith    .     n - +0 buckler
rPois  ∞         Spirit   .     c - +0 helmet
rElec  .         Reflect  .     (no cloak)
rCorr  .         Harm     .     e - +0 pair of gloves
MR     .....                    (no boots)
Stlth  +.........               (no amulet)
                                (no ring)
                                (no ring)

@: rotting
A: rotting body, claws 1, carnivore 3, cold resistance 1, negative energy
resistance 3, slow regeneration 1, torment resistance, unbreathing
a: no special abilities


You were on level 3 of the Dungeon.
You were not hungry.

You visited 1 branch of the dungeon, and saw 3 of its levels.

You collected 116 gold pieces.

Inventory:

Hand Weapons
 a - a +0 long sword (weapon)
Missiles
 d - 3 throwing nets (quivered)
Armour
 b - a +0 leather armour (worn)
 c - a +0 helmet (worn)
 e - a +0 pair of gloves (worn)
 n - a +0 buckler (worn)
Scrolls
 i - 3 scrolls of remove curse {unknown}
 j - a scroll of enchant armour {unknown}
 l - 5 scrolls of identify {unknown}
 m - a scroll of enchant weapon {unknown}
 q - a scroll of random uselessness {unknown}
Potions
 g - 2 potions of invisibility {unknown}
 h - 2 potions of flight {unknown}
 k - 3 potions of curing {unknown}
 o - a potion of cancellation {unknown}
Comestibles
 f - a meat ration
 p - 2 chunks of flesh


   Skills:
 + Level 2.6 Fighting
 + Level 3.4 Long Blades
 + Level 2.0 Throwing
 + Level 0.6 Armour
 + Level 3.3 Dodging
 + Level 0.1 Shields


You had 3 spell levels left.
You didn't know any spells.

Dungeon Overview and Level Annotations

Branches:
Dungeon (3/15)

Altars:


Innate Abilities, Weirdness & Mutations

Your body is rotting away.
You thrive on raw meat.
You are immune to poison.
You have sharp fingernails.
You are carnivorous and can eat meat at any time.
Your flesh is cold resistant. (rC+)
You are immune to negative energy. (rN+++)
You regenerate slowly when monsters are visible.
You are immune to unholy pain and torment.
You can survive without breathing.


Message History

You block the orc priest's attack.
You hit the orc priest.
The orc priest is almost dead.
The orc wizard gestures wildly while chanting.
The orc priest mumbles some strange prayers to Beogh against you.
Beogh smites you!
* * * LOW HITPOINT WARNING * * *
You barely miss the orc.
The orc wizard casts a spell.
The orc wizard blinks!
You hit the orc.
The orc is severely wounded.
The orc hits you but does no damage.
The orc priest calls upon Beogh to heal the orc.
The orc's wounds heal themselves!
The orc hits you with a club.
* * * LOW HITPOINT WARNING * * *
You hit the orc but do no damage.
The orc priest mumbles some strange prayers to Beogh against you.
Beogh smites you!
You die...

#....<.... ### #
#.######## ..##.# #
#.##.#. .. #.....
..oo###o#.#.###########
...oo..g.# #.....##....
##o# #.##.##.### #@##
##......... ##%##
##.######### ##.###.##
##.#.## ##.## ###


You could see an orc priest, an orc and a hobgoblin.

Vanquished Creatures
  Jessica (D:1)
  An adder (D:2)
  2 worms (D:2)
  An orc (D:3)
  A giant cockroach (D:2)
  5 goblins
  2 hobgoblins
  2 jackals (D:2)
  3 kobolds
  A quokka (D:2)
  3 bats
  3 frilled lizards
  5 rats
30 creatures vanquished.

Vanquished Creatures (others)
  4 toadstools (D:1)
4 creatures vanquished.

Grand Total: 34 creatures vanquished

Notes
Turn   | Place    | Note
-------+----------+-------------------------------------------
     0 | D:1      | Peloso the Ghoul Gladiator began the quest for the Orb.
     0 | D:1      | Reached XP level 1. HP: 17/17 MP: 0/0
   317 | D:1      | Reached XP level 2. HP: 23/23 MP: 1/1
   709 | D:2      | Noticed Jessica
   745 | D:1      | Killed Jessica
   745 | D:1      | Reached XP level 3. HP: 28/29 MP: 2/2
   818 | D:2      | Reached XP level 4. HP: 22/37 MP: 3/3
  1188 | D:3      | Killed from afar by an orc priest

Skill      XL: |  1  2  3 |
---------------+----------+-----
Dodging        | 3 |  3.3
Long Blades    | 3 |  3.4
Throwing       | 2 |  2.0
Fighting       | |  2.6
Armour         | |  0.6
Shields        | |  0.1

Action                   |  1- 3 |  4- 6 || total
-------------------------+-------+-------++-------
Melee: Long sword        |    72 |    58 ||   130
  Eat: Chunk             |     7 |     1 ||     8
Armor: Leather armour    |    22 |    15 ||    37
Dodge: Dodged            |    45 |    40 ||    85
Block: Buckler           |     7 |     3 ||    10
       Rpst.: Long sword |    14 |    16 ||    30
